 Dungeon Crawl Stone Soup version 0.30-a0-823-geb93a13fce (webtiles) character file.

Game seed: 6671415039261897639

1182 retardedninja the Shield-Bearer (level 8, -1/67 HPs)
             Began as a Gnoll Fighter on Feb 27, 2023.
             Slain by an ufetubus (2 damage)
             ... summoned by a kobold demonologist
             ... on level 6 of the Dungeon.
             The game lasted 00:08:03 (5403 turns).

retardedninja the Shield-Bearer (Gnoll Fighter)     Turns: 5403, Time: 00:08:04

Health: -1/67      AC: 13    Str: 17    XL:     8   Next: 42%
Magic:  13/13      EV:  8    Int:  7    God:
Gold:   293        SH:  6    Dex: 13    Spells: 13/13 levels left

rFire   . . .      SeeInvis .    g - +3 mace (spect)
rCold   . . .      Faith    .    c - +0 buckler
rNeg    + . .      Spirit   .    i - +0 chain mail
rPois   .          Reflect  .    q - +0 helmet
rElec   .          Harm     .    (no cloak)
rCorr   .          Rampage  .    m - +0 pair of gloves
Will    .....                    (no boots) Stlth
                                 (no amulet)
HPRegen 0.31/turn                n - ring of positive energy
MPRegen 0.13/turn                (no ring)

@: no status effects
A: fangs 1, strong nose, distributed training
a: no special abilities


You were on level 6 of the Dungeon.
You visited 1 branch of the dungeon, and saw 6 of its levels.
You also visited: Sewer.

You collected 293 gold pieces.

Inventory:

Hand Weapons
 g - a +3 spectral mace (weapon)
Missiles
 j - 5 javelins (quivered)
Armour
 c - a +0 buckler (worn)
 i - a +0 chain mail (worn)
 m - a +0 pair of gloves (worn)
 q - a +0 helmet (worn)
Jewellery
 n - a ring of positive energy (left hand)
Scrolls
 a - a scroll of poison {unknown}
 b - 2 scrolls of fear
 f - 2 scrolls of teleportation
 h - 2 scrolls of immolation
 r - 3 scrolls of blinking {unknown}
 u - a scroll of silence {unknown}
 v - a scroll of vulnerability {unknown}
Potions
 d - 2 potions of degeneration {unknown}
 e - 3 potions of haste {unknown}
 k - a potion of lignification {unknown}
 l - a potion of invisibility {unknown}
 o - 3 potions of flight
 p - a potion of heal wounds {unknown}
 s - 3 potions of brilliance {unknown}
 t - a potion of magic {unknown}


   Skills:
 + Level 7.4 Fighting
 + Level 3.4 Short Blades
 + Level 3.4 Long Blades
 + Level 3.4 Axes
 + Level 5.7 Maces & Flails
 + Level 3.4 Polearms
 + Level 3.4 Staves
 + Level 3.4 Ranged Weapons
 + Level 3.4 Throwing
 + Level 7.4 Armour
 + Level 3.4 Dodging
 + Level 3.4 Stealth
 + Level 7.4 Shields
 + Level 3.4 Unarmed Combat
 + Level 3.4 Spellcasting
 + Level 2.7 Conjurations
 + Level 2.7 Hexes
 + Level 2.7 Summonings
 + Level 2.7 Necromancy
 + Level 2.7 Translocations
 + Level 2.7 Transmutations
 + Level 2.7 Fire Magic
 + Level 2.7 Ice Magic
 + Level 2.7 Air Magic
 + Level 2.7 Earth Magic
 + Level 2.7 Poison Magic
 + Level 3.7 Invocations
 + Level 3.4 Evocations


You had 13 spell levels left.
You didn't know any spells.
Your spell library contained the following spells:

 Spells                   Type           Power      Damage    Failure   Level
 Apportation              Tloc           10%        N/A       83%         1
 Beastly Appendage        Tmut           10%        N/A       83%         1
 Kiss of Death            Conj/Necr      20%        2d7       83%         1
 Summon Small Mammal      Summ           20%        N/A       83%         1
 Wereblood                Tmut           5%         N/A       93%         2
 Call Canine Familiar     Summ           5%         N/A       99%         3
 Confusing Touch          Hex            5%         N/A       99%         3
 Spider Form              Tmut/Pois      5%         N/A       99%         3
 Summon Guardian Golem    Hex/Summ       5%         N/A       99%         3
 Dispel Undead            Necr           5%         3d7       100%        4
 Alistair's Intoxication  Tmut/Pois      3%         N/A       100%        5


Dungeon Overview and Level Annotations

Branches:
Dungeon (6/15)              Sewer (visited)
 Temple: D:4-7

Altars:
Sif Muna
Xom
The Shining One

Annotations:
D:5 2 runed translucent doors, GiantSquids's ghost, amateur HOBe
D:6 Pikel


Innate Abilities, Weirdness & Mutations

You have very sharp teeth.
Your uncanny sense of smell can sniff out nearby items.
Your experience applies equally to all skills.


Message History

The ufetubus barely misses you.
You closely miss Pikel.
Pikel is lightly wounded.
The lemure hits you.
The kobold demonologist hits you but does no damage.
Pikel hits you with a +2 whip of electrocution.
The lemure hits you but does no damage. You block the scorpion's attack.
The ufetubus barely misses you. x2
The iron imp hits you but does no damage.
The lemure hits you but does no damage. You block the lemure's attack.
The kobold demonologist hits you but does no damage.
Pikel hits you but does no damage.
You are electrocuted!
The scorpion stings you but does no damage.
You hit Pikel.
Pikel is moderately wounded.
The ufetubus hits you but does no damage. x2
The iron imp hits you but does no damage.
The ufetubus hits you but does no damage.
You block the ufetubus's attack. You block the scorpion's attack.
The kobold demonologist closely misses you.
The lemure hits you but does no damage.
Pikel hits you with a +2 whip of electrocution.
You are electrocuted!
* * * LOW HITPOINT WARNING * * *
The lemure hits you.
* * * LOW HITPOINT WARNING * * *
You hit Pikel but do no damage.
Pikel is moderately wounded.
You block the ufetubus's attack. The ufetubus closely misses you.
The scorpion stings you but does no damage.
The iron imp summons a swarm of flies.
You block the iron imp's attack. The lemure hits you.
* * * LOW HITPOINT WARNING * * *
Pikel hits you with a +2 whip of electrocution!
* * * LOW HITPOINT WARNING * * *
The kobold demonologist barely misses you.
The lemure hits you but does no damage. The ufetubus hits you.
* * * LOW HITPOINT WARNING * * *
The ufetubus hits you.
You die...

##########.
..........
######.........
...............
......s55......
.....55@5......
######KK.......
#.........
#.........
#.........
#.........
#.........
#.........


You could see a kobold demonologist, Pikel, 2 lemures, a scorpion, an iron imp
(summoned), a quasit (summoned) and an ufetubus (summoned).

Vanquished Creatures
  Sigmund (D:2)
  Pargi (Sewer)
  An ogre (D:4)
  2 lemures (D:5)
  A phantom (D:4)
  A bullfrog (D:5)
  3 scorpions
  A howler monkey (D:5)
  3 hounds
  3 orc priests
  A gnoll bouda (D:3)
  An iguana (D:4)
  An orc wizard (D:4)
  4 gnolls
  4 adders
  2 river rats (D:4)
  A dart slug (D:2)
  19 orcs
  5 endoplasms
  5 giant cockroaches
  5 goblins
  9 hobgoblins
  6 jackals
  3 quokkas
  11 ball pythons
  8 bats
  8 frilled lizards
  10 kobolds
  8 rats
128 creatures vanquished.

Notes
Turn   | Place    | Note
-------+----------+-------------------------------------------
     0 | D:1      | retardedninja the Gnoll Fighter began the quest for the
                  | Orb.
     0 | D:1      | Reached XP level 1. HP: 23/23 MP: 1/1
   132 | D:1      | Reached XP level 2. HP: 27/29 MP: 2/2
   578 | D:1      | Reached XP level 3. HP: 35/35 MP: 3/3
   822 | D:2      | Reached skill level 1 in Invocations
   957 | D:2      | Found a faded altar of an unknown god.
  1418 | D:2      | Noticed Sigmund
  1425 | D:2      | Killed Sigmund
  1426 | D:2      | Reached skill level 1 in Short Blades
  1426 | D:2      | Reached skill level 1 in Long Blades
  1426 | D:2      | Reached skill level 1 in Axes
  1426 | D:2      | Reached skill level 1 in Polearms
  1426 | D:2      | Reached skill level 1 in Staves
  1426 | D:2      | Reached skill level 1 in Ranged Weapons
  1426 | D:2      | Reached skill level 1 in Throwing
  1426 | D:2      | Reached skill level 1 in Dodging
  1426 | D:2      | Reached skill level 1 in Stealth
  1426 | D:2      | Reached skill level 1 in Unarmed Combat
  1426 | D:2      | Reached skill level 1 in Spellcasting
  1426 | D:2      | Reached skill level 1 in Conjurations
  1426 | D:2      | Reached skill level 1 in Hexes
  1426 | D:2      | Reached skill level 1 in Summonings
  1426 | D:2      | Reached skill level 1 in Necromancy
  1426 | D:2      | Reached skill level 1 in Translocations
  1426 | D:2      | Reached skill level 1 in Transmutations
  1426 | D:2      | Reached skill level 1 in Fire Magic
  1426 | D:2      | Reached skill level 1 in Ice Magic
  1426 | D:2      | Reached skill level 1 in Air Magic
  1426 | D:2      | Reached skill level 1 in Earth Magic
  1426 | D:2      | Reached skill level 1 in Poison Magic
  1426 | D:2      | Reached skill level 1 in Evocations
  1426 | D:2      | Reached XP level 4. HP: 27/41 MP: 4/6
  1426 | D:2      | Reached XP level 5. HP: 31/47 MP: 4/7
  1941 | D:3      | Reached XP level 6. HP: 53/53 MP: 8/8
  1976 | D:3      | Found a glowing golden altar of the Shining One.
  2047 | D:3      | Reached skill level 5 in Maces & Flails
  2491 | D:4      | Reached XP level 7. HP: 49/60 MP: 10/10
  2690 | D:4      | HP: 3/60 [orc/+0 mace (1)]
  2884 | D:4      | Found a glowing drain.
  2983 | Sewer    | Entered a sewer
  3061 | Sewer    | Noticed Pargi
  3079 | Sewer    | Killed Pargi
  4216 | D:4      | Reached XP level 8. HP: 55/67 MP: 12/12
  4435 | D:4      | Found a shimmering altar of Xom.
  4773 | D:5      | Entered Level 5 of the Dungeon
  4974 | D:5      | Found a large runed translucent door.
  4974 | D:5      | Found a large runed translucent door.
  4975 | D:5      | Noticed GiantSquids's ghost (amateur HOBe)
  5004 | D:5      | Found a shimmering blue altar of Sif Muna.
  5220 | D:6      | Noticed Pikel
  5220 | D:6      | Noticed a kobold demonologist
  5403 | D:6      | HP: 1/67 [ufetubus[a kobold demonologist] (3)]
  5403 | D:6      | Slain by an ufetubus

Illustrated notes

Levels and vault maps discovered:
D:1:      nzn_arrival_water_spiral, layout_rooms, minmay_curled_crystal
D:2:      layout_basic, shapermc_ecumenical_altar_petra, bh_walls_and_bars,
          uniq_sigmund
D:3:      layout_rooms, tso_metal_star, minmay_misc_feat_room
D:4:      layout_cave_pools, mainiacjoe_overflow_tiny_flanked,
          portal_sewer_entry_a
D:5:      layout_cave_pools, mainiacjoe_overflow_cross_hatched,
          ebering_ghost_disaster_area, hellmonk_bongcloud_opening
D:6:      layout_basic, nicolae_overflow_two_pavilions, uniq_pikel

Skill      XL: |  1  2  3  4  5  6  7 |
---------------+----------------------+-----
Invocations    | 1 2 3 |  3.7
Short Blades   | 1 2 3 |  3.4
Long Blades    | 1 2 3 |  3.4
Axes           | 1 2 3 |  3.4
Polearms       | 1 2 3 |  3.4
Staves         | 1 2 3 |  3.4
Ranged Weapons | 1 2 3 |  3.4
Throwing       | 1 2 3 |  3.4
Dodging        | 1 2 3 |  3.4
Stealth        | 1 2 3 |  3.4
Unarmed Combat | 1 2 3 |  3.4
Spellcasting   | 1 2 3 |  3.4
Conjurations   | 1 2 |  2.7
Hexes          | 1 2 |  2.7
Summonings     | 1 2 |  2.7
Necromancy     | 1 2 |  2.7
Translocations | 1 2 |  2.7
Transmutations | 1 2 |  2.7
Fire Magic     | 1 2 |  2.7
Ice Magic      | 1 2 |  2.7
Air Magic      | 1 2 |  2.7
Earth Magic    | 1 2 |  2.7
Poison Magic   | 1 2 |  2.7
Evocations     | 1 2 3 |  3.4
Maces & Flails | 5 |  5.7
Fighting       | 7 |  7.4
Armour         | 7 |  7.4
Shields        | 7 |  7.4

Action                     |  1- 3 |  4- 6 |  7- 9 || total
---------------------------+-------+-------+-------++-------
  Melee: Flail             |    37 |       |       ||    37
         Bite              |     4 |     5 |    27 ||    36
         Mace              |    50 |    43 |   226 ||   319
  Throw: Javelin           |    19 |    30 |     5 ||    54
    Use: Potion            |     1 |       |     4 ||     5
         Scroll            |       |       |    11 ||    11
 Armour: Scale mail        |    23 |       |       ||    23
         Chain mail        |    31 |    29 |   232 ||   292
  Dodge: Dodged            |    41 |    15 |   128 ||   184
  Block: Buckler           |    29 |    12 |    94 ||   135

Table legend: (Time is in decaauts)
 A = Elapsed time spent in this place.
 B = Non-inter-level travel time spent in this place.
 C = Inter-level travel time spent in this place.
 D = Time resting spent in this place.
 E = Time spent auto-exploring this place.
 F = Levels seen in this place.
 G = Mean time per level.
                   A        B        C        D        E       F      G
               +--------+--------+--------+--------+--------+-----+--------+
         Total |   5534 |   5441 |     93 |   1710 |   2646 |   7 |  790.6 |
       Dungeon |   5048 |   4955 |     93 |   1534 |   2518 |   6 |  841.3 |
         Sewer |    485 |    485 |      0 |    176 |    127 |   1 |  485.0 |
               +--------+--------+--------+--------+--------+-----+--------+

Top non-repeatable levels by time:
     D:3: 1409 daAuts
     D:4: 1249 daAuts
     D:2: 1039 daAuts
     D:1: 716 daAuts
     D:5: 623 daAuts
   Sewer: 485 daAuts
     D:6: 10 daAuts
